[Event "*** SCC Grand Prix: Titled Tuesday Blitz"]
[Site "Chess.com"]
[Date "2020.07.21"]
[Round "10"]
[White "Eliwood44"]
[Black "Artyom_ChessMate"]
[Result "1/2-1/2"]
[WhiteElo "2360"]
[BlackElo "2590"]
[TimeControl "180+1"]
[EndTime "12:01:03 PDT"]
[Termination "Game drawn - insufficient material"]

1. d4 d5 2. Nf3 Nf6 3. e3 e6 4. Bd3 Be7 5. O-O O-O 6. Nbd2 b6 7. e4 dxe4 8. Nxe4 Bb7 9. Nxf6+ Bxf6 10. c3 Nd7 11.
Be3 c5 12. Bb5 cxd4 13. Nxd4 Qc7 14. Nxe6 fxe6 15. Qxd7 Qxd7 16. Bxd7 e5 17. Rad1 Rfd8 18. Rd2 Kf8 19. Rfd1 Ke7 20. Bf5 g6 21. Rd7+ Ke8 22. Be6 Rxd7 23. Bxd7+ Ke7 24. Bb5 Rd8 25. Rxd8 Kxd8 26.
a4 Kc7 27. Bc4 a5 28. g4 Bc6 29. g5 Be7 30. Bg8 Bxa4 31. Bxh7 Be8 32. Bg8 b5 33. h4 a4 34. Bd5 a3 35. bxa3 Bxa3 36. Kg2 Bb2 37.
Bd2 Kd6 38. Be4 Kc5 39. Bd3 Bc6+ 40. f3 Be8 41. Kg3 Kd6 42. f4 exf4+ 43. Kxf4 Ke6 44. Be4 Ba3 45. Ke3 Bc5+ 46. Kf3 Ba3 47. Be3 Bb2 48. Bd2 Ke5 49. Bd3 Bc6+ 50. Kg3 Be8 51. Bf4+ Ke6 52. Bd2 Ke5 53. Be1 Ke6 54. Kf4 Ba3 55. Ke3 Bc5+ 56. Kd2 Bd6 57. c4 Bb4+ 58. Ke2 Bxe1 59. Kxe1 bxc4 60.
Bxc4+ Kf5 61. Be2 Kf4 62. Kf2 Bd7 63. Kg2 Be8 64. Kh2 Bd7 65. Bd3 Kg4 66. Bxg6 Kxh4 67. Bd3 Kxg5 1/2-1/2

[Event "*** SCC Grand Prix: Titled Tuesday Blitz"]
[Site "Chess.com"]
[Date "2020.07.21"]
[Round "10"]
[White "TST2014"]
[Black "tk22h"]
[Result "1/2-1/2"]
[WhiteElo "2509"]
[BlackElo "2331"]
[TimeControl "180+1"]
[EndTime "12:01:05 PDT"]
[Termination "Game drawn by repetition"]

1. d4 Nf6 2. c4 g6 3. Nc3 d5 4. Nf3 Bg7 5. Bg5 Ne4 6. Bh4 Nxc3 7. bxc3 c5 8. e3 Nc6 9. cxd5 Qxd5 10. Qb3 Qxb3 11. axb3 cxd4 12. cxd4 e6 13. Bb5 Bd7 14. O-O a6 15. Bc4 O-O 16. Rfc1 Rfc8 17. Bg3 Bf8 18. h3 Nb4 19. Ne5 Be8 20. Ng4 Be7 21. Be5 h5 22.
Nf6+ Bxf6 23. Bxf6 Bc6 24. f3 Bd5 25. e4 Bxc4 26.
bxc4 Kf8 27. Kf1 b5 28. c5 Ke8 29. Ke2 Kd7 30. h4 Kc6 31. g4 a5 32. gxh5 gxh5 33. Rg1 Rg8 34. Rxg8 Rxg8 35. Rxa5 Rg2+ 36. Ke3 Ra2 37.
Rxa2 Nxa2 38. Kf4 Nc1 39. Kg5 b4 40. Kxh5 b3 41. Kg4 Nd3 42. d5+ exd5 43. exd5+ Kxd5 44.
Ba1 Nxc5 45. h5 Ne6 46. h6 Nf8 47. Kf5 Nh7 48. f4 Kc4 49. Ke4 Kc5 50. Bb2 Kc4 51.
f5 Kc5 52. Ke5 Kc6 53. Kd4 Kd6 54. Ba3+ Kd7 55. Kc4 Kc6 56. Kxb3 Kd5 57. Bb2 Ke4 58. f6 Kf5 59. Kc4 Nxf6 60. Kc5 Kg6 61. Kd6 Ng8 62. Ke5 Nxh6 63. Kf4 f5 64. Bc3 Nf7 65. Bd4 Nd8 66.
Bc3 Ne6+ 67. Ke5 Ng5 68. Ba1 Nf7+ 69. Kf4 Ng5 70. Ke5 Nf7+ 71. Kf4 Ng5 72. Ke5 1/2-1/2

[Event "*** SCC Grand Prix: Titled Tuesday Blitz"]
[Site "Chess.com"]
[Date "2020.07.21"]
[Round "10"]
[White "Ashedu66"]
[Black "mirochka"]
[Result "1-0"]
[WhiteElo "2230"]
[BlackElo "2131"]
[TimeControl "180+1"]
[EndTime "12:01:07 PDT"]
[Termination "Ashedu66 won on time"]

1. d4 Nf6 2. c4 e6 3. Nf3 d5 4. Nc3 Be7 5. Bf4 O-O 6. e3 b6 7. Rc1 Bb7 8. cxd5 Nxd5 9. Nxd5 Qxd5 10. a3 c5 11. Bc4 Qh5 12. Be2 cxd4 13. Rc7 Qa5+ 14.
b4 Bxb4+ 15. axb4 Qxb4+ 16. Qd2 Qb1+ 17. Qd1 Qb4+ 18. Kf1 Bd5 19. Qxd4 Qb1+ 20. Qd1 Qg6 21. Bd3 Qh5 22. Qe2 Rd8 23. e4 Bb3 24. Ne5 Qxe2+ 25.
Kxe2 f6 26. Nf3 e5 27. Be3 Nd7 28. Bc4+ Bxc4+ 29. Rxc4 a5 30. Rb1 Rdb8 31. Rc7 Nc5 32. Bxc5 bxc5 33. Rxb8+ Rxb8 34. Rxc5 Rb2+ 35. Nd2 Ra2 36.
Rc7 h6 37. Ra7 Kh7 38. h4 h5 39. f3 Kh6 40. g3 g5 41. Ra6 Kg6 42. Ke3 Ra3+ 43.
Ke2 Ra2 44. Kd3 gxh4 45. gxh4 a4 46. Nf1 Ra3+ 47. Ke2 Ra2+ 48. Ke3 Ra3+ 49. Kf2 Ra2+ 50. Kg3 a3 51. Ne3 Ra1 52. Kg2 a2 53. Nf5 Kf7 54. Ra7+ Kf8 55. Ra6 Kf7 56. Ng3 Kg6 57. Ra8 Kh6 58.
Nf5+ Kg6 59. Ng3 Kh6 60. Kh2 Kg6 61. Nf5 Kf7 62. Ra7+ Kf8 63. Ng3 1-0

[Event "*** SCC Grand Prix: Titled Tuesday Blitz"]
[Site "Chess.com"]
[Date "2020.07.21"]
[Round "10"]
[White "sergeikim"]
[Black "korkmaz16"]
[Result "1-0"]
[WhiteElo "2460"]
[BlackElo "2354"]
[TimeControl "180+1"]
[EndTime "12:01:08 PDT"]
[Termination "sergeikim won by resignation"]

1. d4 d5 2. c4 e5 3. e3 exd4 4. exd4 Nf6 5. Nf3 Bb4+ 6. Nc3 O-O 7. c5 Bg4 8. Be2 Re8 9. O-O Nc6 10. Bg5 Bxc3 11. bxc3 Na5 12. h3 Bh5 13. Re1 b6 14. cxb6 axb6 15. Ne5 Bxe2 16. Rxe2 Qd6 17. Bxf6 Qxf6 18. Qe1 Qd8 19. Qd2 f6 20. Nf3 Nc4 21.
Qc2 Rxe2 22. Qxe2 Qe8 23. Qc2 Qa4 24. Qe2 Re8 25. Qd3 Qa3 26. Qc2 Qd6 27. a4 g6 28. Qd3 Ra8 29. Qc2 Re8 30. Qd3 Kg7 31. g3 f5 32. h4 f4 33. g4 Qe6 34. Nh2 Qe2 35. Qh3 Qb2 36. Rf1 Nd2 37. Rd1 Qc2 38. Ra1 Nb3 39. Rf1 Nd2 40. Ra1 Ne4 41. Rf1 Nxc3 42. g5 Re7 43. Ng4 Ne2+ 44. Kg2 Nxd4 45. h5 Qf5 46. hxg6 Qxg6 47. Qh4 Nf5 48. Qh3 Qxg5 49. Kh2 h5 50. Rg1 Kh7 51. Ne5 Ng3 52. fxg3 Qxe5 53. gxf4 Qxf4+ 54. Rg3 Re2+ 55. Kh1 Re1+ 56.
Kh2 Re3 57. Qxh5+ Qh6 58. Qxh6+ Kxh6 59. Rxe3 d4 60. Re6+ Kg5 61. Rc6 Kf4 62. Kg2 Ke4 63. Kf1 Kd5 64. Rxc7 d3 65. Ke1 Kd4 66. Kd2 b5 67.
Rd7+ 1-0

[Event "*** SCC Grand Prix: Titled Tuesday Blitz"]
[Site "Chess.com"]
[Date "2020.07.21"]
[Round "10"]
[White "Volodar_Murzin"]
[Black "Zurability"]
[Result "0-1"]
[WhiteElo "2697"]
[BlackElo "2609"]
[TimeControl "180+1"]
[EndTime "12:01:09 PDT"]
[Termination "Zurability won by resignation"]

1. e4 e5 2. Nf3 Nc6 3. Bb5 a6 4. Ba4 Nf6 5. O-O Be7 6. d3 d6 7.
a3 Bg4 8. Be3 O-O 9. h3 Bh5 10.
Bb3 d5 11. exd5 Nxd5 12. Nc3 Nxe3 13. fxe3 Kh8 14. Ne4 f5 15. Ng3 Bg6 16. Kh1 Bd6 17. e4 f4 18. Nf5 Bxf5 19. exf5 Rxf5 20. Bd5 Rf8 21. Bxc6 bxc6 22. Nd2 Bc5 23. Ne4 Bd4 24. Rb1 Rb8 25. b3 g6 26. Qg4 Rf5 27. Rbe1 Qf8 28.
a4 Qh6 29. Qf3 Rbf8 30. Nd2 g5 31. Ne4 Qg6 32. Qe2 h5 33. g3 g4 34. h4 fxg3 35. Rxf5 Rxf5 36. Rf1 Bf2 37. Kg2 Qf7 38. c4 Qe7 39.
Nxg3 Bxg3 40. Rxf5 Qxh4 41. Kg1 Bf4 42. Qf2 Qh3 43.
Rxf4 exf4 44. Qd4+ Kh7 45. Qd7+ Kg6 46. Qe6+ Kg5 47.
Qe7+ Kf5 48. Qf7+ Ke5 49. Qg7+ Kd6 50. Qd4+ Ke6 51. Qe4+ Kd7 52. Qxf4 Qxd3 53. Qf7+ Kd6 54. Qxh5 Qb1+ 55. Kg2 Qb2+ 56. Kg1 Qxb3 57. Qxg4 Qb1+ 58. Kg2 Qc2+ 59. Kg1 Kc5 60. Qg5+ Kxc4 61. Qf4+ Kb3 62. Qxc7 Kxa4 63. Qb6 a5 64. Kh1 Qc1+ 65. Kg2 Qc3 66.
Kh1 c5 67. Qc6+ Ka3 68. Qb6 a4 69. Qc6 c4 0-1

[Event "*** SCC Grand Prix: Titled Tuesday Blitz"]
[Site "Chess.com"]
[Date "2020.07.21"]
[Round "10"]
[White "Sam_ChessMood"]
[Black "PavelShkapenko"]
[Result "1/2-1/2"]
[WhiteElo "2791"]
[BlackElo "2647"]
[TimeControl "180+1"]
[EndTime "12:01:10 PDT"]
[Termination "Game drawn by repetition"]

1. e4 c5 2. Nc3 e6 3. Nf3 Nc6 4. d4 cxd4 5. Nxd4 Nf6 6. Ndb5 Bb4 7. a3 Bxc3+ 8. Nxc3 d5 9. Bd3 dxe4 10. Nxe4 Nxe4 11. Bxe4 Qxd1+ 12. Kxd1 Bd7 13. Be3 f5 14. Bf3 e5 15. Kc1 O-O-O 16. Rd1 f4 17. Bc5 Bf5 18. Rxd8+ Rxd8 19. Bxc6 bxc6 20. Bxa7 Be4 21. g3 g5 22. a4 Bf5 23. Bc5 e4 24. a5 e3 25. fxe3 f3 26. e4 Bxe4 27. a6 Kb8 28. Ra4 Bd5 29. Rd4 Re8 30. b3 Be6 31. Re4 g4 32. a7+ Ka8 33. Kb2 Bd7 34. Rxe8+ Bxe8 35. c4 Bg6 36. Kc3 Kb7 37.
Bf2 Bf5 38. Kb4 Bc2 39. Kc3 Bd1 40. b4 Be2 41. Bc5 Ka8 42. Be3 Kb7 43. Bf2 Ka8 44. Kb3 Kb7 45. Be3 Ka8 46. b5 cxb5 47. cxb5 Bxb5 48. Kb4 Be2 49. Kc3 h5 50. Bc5 Bf1 51. Kd2 Bb5 52. Ke3 Be8 53. Kf4 Kb7 54. Kg5 Ka8 55.
Bf2 Kb7 56. Kh6 Ka8 57. Kg7 Kb7 58. Kf8 Bg6 59. Kg7 Be8 60. Kf6 Ka8 61. Ke7 Bg6 62.
Ke6 Kb7 63. Kd7 Ka8 64. Kc7 Be8 65. Kd8 Bg6 66. Ke7 Kb7 67. Kf8 Ka8 68. Kg7 Be8 69. Kf8 Bg6 70. Kg7 Be8 71. Kf8 Bg6 1/2-1/2

[Event "*** SCC Grand Prix: Titled Tuesday Blitz"]
[Site "Chess.com"]
[Date "2020.07.21"]
[Round "10"]
[White "bsnsun"]
[Black "dosto07"]
[Result "1-0"]
[WhiteElo "2390"]
[BlackElo "2235"]
[TimeControl "180+1"]
[EndTime "12:01:16 PDT"]
[Termination "bsnsun won on time"]

1. d4 d5 2. c4 dxc4 3. e3 Nf6 4.
Nf3 e6 5. Bxc4 a6 6. Bb3 c5 7. O-O Nc6 8. Nc3 Be7 9. Qe2 cxd4 10. Rd1 e5 11. exd4 exd4 12. Be3 Bg4 13. h3 Bxf3 14.
Qxf3 O-O 15. Ne2 Bc5 16. Rac1 Qb6 17. Bg5 Ne5 18. Qg3 Ne4 19. Qxe5 Rae8 20. Qd5 Nxg5 21. Nxd4 Bxd4 22. Qxg5 Bxf2+ 23. Kh1 Be3 24. Qf5 Bxc1 25. Rxc1 Re7 26. Rf1 g6 27. Qg5 Rfe8 28. Qd5 Qc7 29. Qd2 Qe5 30. Qf2 Kg7 31. Qf3 f5 32. Qf2 a5 33. Rd1 Qe2 34. Qd4+ Qe5 35. Qf2 Qe3 36. Qh4 Re4 37. Rd7+ R8e7 38. Rxe7+ Rxe7 39. Qc4 Qe1+ 40. Kh2 Qe5+ 41. Kh1 Rc7 42. Qg8+ Kh6 43. Qf8+ Kg5 44. Qd8+ Kh6 45. Qf8+ Kh5 46. Bd1+ Kg5 47. h4+ Kf4 48. Qh6+ Ke4 49. Bf3+ Kd4 50. Qd2+ Kc5 51. Qxa5+ Kd6 52. Qb6+ Ke7 53. Qb3 Rc1+ 54. Bd1 Qe1+ 55. Kh2 Rxd1 56. Qxb7+ Ke6 57. Qc6+ Ke5 58. Qe8+ Kd4 59. Qd7+ Ke3 60.
Qe6+ Kd2 61. Qd5+ Kc1 62. Qc4+ Kb1 63. b4 Qh1+ 64. Kg3 Qe1+ 65. Kh2 Qd2 66. Qb3+ Ka1 67. a4 Rb1 68. Qa3+ 1-0

[Event "*** SCC Grand Prix: Titled Tuesday Blitz"]
[Site "Chess.com"]
[Date "2020.07.21"]
[Round "10"]
[White "Schack-Hugo"]
[Black "Roman_Ovetchkin"]
[Result "0-1"]
[WhiteElo "2218"]
[BlackElo "2596"]
[TimeControl "180+1"]
[EndTime "12:01:17 PDT"]
[Termination "Roman_Ovetchkin won on time"]

1. c3 Nf6 2. d4 g6 3. Nf3 Bg7 4. g3 O-O 5. Bg2 d6 6. O-O c6 7.
e3 Qc7 8. Nbd2 e5 9. dxe5 dxe5 10. e4 Re8 11. Qe2 Na6 12. Nc4 Nc5 13. Ncxe5 Rxe5 14. Nxe5 Qxe5 15. Bf4 Qe8 16. Rad1 Be6 17. b3 a5 18. Bd6 Ncd7 19. c4 h5 20. e5 Ng4 21.
f4 Qd8 22. c5 a4 23. b4 a3 24. h3 Nh6 25. b5 Qa5 26. bxc6 bxc6 27. Bxc6 Rc8 28. Bb7 Rxc5 29. Bxc5 Qxc5+ 30. Qf2 Bxh3 31. Qxc5 Nxc5 32. Bg2 Be6 33. Rd8+ Bf8 34. Ra8 Nd7 35. Rc1 Kg7 36. Rcc8 Bc5+ 37. Kf1 Bxa2 38. Bh3 Bc4+ 39. Ke1 Bb4+ 40. Kf2 Nb6 41. Rxc4 Nxc4 42. Ra4 Bc5+ 43. Kf3 Nb6 44. Ra6 Bg1 45. Ke4 Nc4 46. Ra4 Nd2+ 47.
Kd3 Nb3 48. Rxa3 Nc5+ 49. Kc4 Nf5 50. Bxf5 gxf5 51. Kd5 Ne4 52. Rb3 Bf2 53. Rb7 Kg6 54. e6 fxe6+ 55. Kc6 Bxg3 56. Re7 Bxf4 57. Rxe6+ Kg5 58.
Re8 Nf6 59. Re1 h4 60. Rg1+ Bg3 61. Kc5 f4 62. Kd4 h3 63. Rh1 h2 64. Kd3 Kg4 65. Ke2 f3+ 66. Ke3 Nd5+ 67. Ke4 Nc3+ 68. Kd3 Ne2 69. Ke3 Ng1 0-1

[Event "*** SCC Grand Prix: Titled Tuesday Blitz"]
[Site "Chess.com"]
[Date "2020.07.21"]
[Round "10"]
[White "Chessmatus"]
[Black "JuliaEfremova"]
[Result "1-0"]
[WhiteElo "2429"]
[BlackElo "2336"]
[TimeControl "180+1"]
[EndTime "12:01:17 PDT"]
[Termination "Chessmatus won by resignation"]

1. e4 d5 2. exd5 Qxd5 3. Nc3 Qa5 4. d4 Nf6 5. Nf3 Bg4 6. h3 Bxf3 7. Qxf3 c6 8. Bd3 e6 9. O-O Nbd7 10. Ne2 Bd6 11. c3 O-O 12. Bd2 Qc7 13. Rfe1 c5 14.
Bg5 cxd4 15. Nxd4 Ne5 16. Qe2 Nxd3 17. Qxd3 Be7 18. Rad1 Rad8 19. Qf3 a6 20. Qe2 Rd7 21. Nxe6 fxe6 22. Qxe6+ Rf7 23. Rxd7 Qxd7 24. Qxd7 Nxd7 25. Rxe7 Rxe7 26. Bxe7 Kf7 27. Bh4 Ne5 28. Kf1 Nd3 29. b4 Nc1 30. a3 Ke6 31. Ke1 Nd3+ 32. Kd2 Ne5 33. Bg3 Nc4+ 34. Kd3 Nxa3 35. Kd4 Nb5+ 36. Kd3 Na7 37. c4 Nc6 38. Kc3 Ne7 39. Kd4 g5 40.
Kc5 Kd7 41. f3 Nc6 42. b5 axb5 43. cxb5 Nd8 44. Be5 Ne6+ 45. Kd5 Nf8 46. f4 gxf4 47. Bxf4 Ne6 48. Be5 Ng5 49. h4 Nf7 50. Bf4 Nd8 51. g4 Ne6 52. Be5 Nf8 53. h5 Ne6 54. Ke4 Ke7 55. Kf5 Kf7 56. g5 Nf8 57. Bd6 Nd7 58. g6+ hxg6+ 59. hxg6+ Kg8 60. Ke6 Nb6 61. Bc5 Na4 62.
Bd4 Kf8 63. Kd7 b6 64. Kc7 Kg8 65. Bxb6 Kg7 66. Bd4+ Kxg6 67. Kb7 Kf5 68. Ka6 Ke4 69. Ka5 Kxd4 70. Kxa4 Kd5 71. Ka5 Kc5 72. Ka6 1-0

[Event "*** SCC Grand Prix: Titled Tuesday Blitz"]
[Site "Chess.com"]
[Date "2020.07.21"]
[Round "10"]
[White "Keures"]
[Black "ketster"]
[Result "0-1"]
[WhiteElo "2240"]
[BlackElo "2359"]
[TimeControl "180+1"]
[EndTime "12:01:18 PDT"]
[Termination "ketster won by checkmate"]

1. d4 Nf6 2. c4 e6 3. Nc3 Bb4 4. e3 O-O 5. Bd3 d5 6. Nf3 c5 7. O-O dxc4 8. Bxc4 Bd7 9. Re1 Bc6 10.
Ne5 Bd5 11. Qb3 Bxc4 12. Qxc4 Bxc3 13. bxc3 cxd4 14. cxd4 Nbd7 15. Ba3 Re8 16. Red1 Nb6 17. Qb5 Rc8 18. Rac1 Qd5 19. Qb2 Nfd7 20. Nd3 Nc4 21. Qb3 Ndb6 22. Bc5 Na5 23. Qxd5 exd5 24. Bxb6 axb6 25. Nf4 Rcd8 26. Rc7 Rd6 27. Rdc1 g5 28.
Nd3 Nc4 29. Nb4 Ra8 30. Rxb7 Ra4 31. Rb1 Kg7 32. g3 Nd2 33. Rb2 Nc4 34. Rb1 Nd2 35. Rd1 Nc4 36. Nd3 Rxa2 37. Ne5 Rf6 38. Nxc4 Rfxf2 39. Nd2 Rfxd2 40. Rxd2 Rxd2 41. Rxb6 Re2 42. Rb5 Rxe3 43. Rxd5 Kf6 44. Kf2 Ra3 45. h3 Ra2+ 46. Kf3 Ra3+ 47. Kg4 h5+ 48. Kxh5 Rxg3 49. Rd6+ Ke7 50.
Rd5 f6 51. h4 Rh3 52. Kg6 Rxh4 53. Kf5 Rf4+ 54. Kg6 g4 55. Rc5 Rxd4 56. Kh5 g3 57. Rc3 g2 58. Rg3 Rd2 59. Kh4 Ke6 60. Kh3 Ke5 61.
Re3+ Kf4 62. Rg3 f5 63. Rg6 Ke4 64. Kh2 f4 65. Kg1 f3 66. Rf6 Rd1+ 67. Kf2 g1=Q# 0-1

[Event "*** SCC Grand Prix: Titled Tuesday Blitz"]
[Site "Chess.com"]
[Date "2020.07.21"]
[Round "10"]
[White "stanyga"]
[Black "Beca95"]
[Result "1-0"]
[WhiteElo "2640"]
[BlackElo "2843"]
[TimeControl "180+1"]
[EndTime "12:01:20 PDT"]
[Termination "stanyga won on time"]

1. e4 e5 2. Nf3 Nc6 3. Bb5 Nf6 4. d3 Bc5 5. Bxc6 dxc6 6. Nbd2 Be6 7. O-O Nd7 8. Nb3 Be7 9. d4 f6 10. dxe5 fxe5 11.
Ng5 Bxg5 12. Qh5+ Bf7 13. Qxg5 Qf6 14. Qxf6 gxf6 15. f3 a5 16. Be3 b6 17. Kf2 h5 18. h4 Ke7 19. Nd2 a4 20. a3 c5 21.
Rfd1 Nb8 22. Nf1 Nc6 23. Ng3 Be6 24. Rd2 Nd4 25. Rad1 Nb5 26. Nf5+ Bxf5 27. exf5 Nd6 28. Rd5 Rad8 29. Ke2 Nxf5 30. Rxe5+ fxe5 31. Bg5+ Ke6 32. Rxd8 Rxd8 33. Bxd8 Kd7 34. Bf6 Ke6 35. Bd8 Kd7 36. Bg5 Ke6 37. g4 Nd4+ 38. Kd3 Nxf3 39. gxh5 b5 40.
h6 Kf7 41. Ke4 Nd4 42. c3 Nc2 43. Kxe5 b4 44. Bc1 Kg6 45. Kd5 bxa3 46. bxa3 Na1 47.
h5+ Kh7 48. Be3 Nb3 49. Kc6 c4 50. Kb5 Na1 51. Kxc4 c6 52. Bc1 Nb3 53. Bf4 Na1 54. Kb4 Nc2+ 55. Kxa4 Ne1 56. Kb3 Nd3 57. Be3 Ne5 58.
a4 Ng4 59. Bc1 1-0

[Event "*** SCC Grand Prix: Titled Tuesday Blitz"]
[Site "Chess.com"]
[Date "2020.07.21"]
[Round "10"]
[White "Quattroporte300"]
[Black "RaphCamora"]
[Result "1-0"]
[WhiteElo "2359"]
[BlackElo "2420"]
[TimeControl "180+1"]
[EndTime "12:01:21 PDT"]
[Termination "Quattroporte300 won by checkmate"]

1. e4 c5 2. Nf3 Nc6 3. d4 cxd4 4. Nxd4 Nf6 5. Nc3 e5 6. Ndb5 d6 7. Bg5 a6 8. Na3 b5 9. Bxf6 gxf6 10. Nd5 f5 11. g3 Bg7 12. Bg2 fxe4 13. Bxe4 Be6 14. Qh5 Rc8 15. c3 Ne7 16. Rd1 Nxd5 17. Bxd5 O-O 18.
O-O Rc5 19. Qf3 Qd7 20. Bxe6 fxe6 21. Qd3 d5 22. Nc2 e4 23. Qxe4 Rc4 24. Qe2 Qf7 25.
f4 Rcc8 26. Nd4 Rfe8 27. Nf3 Qf5 28. Rfe1 b4 29. Nd4 Bxd4+ 30. cxd4 Rc2 31. Rd2 Rc6 32. Qe5 Qxe5 33. fxe5 Rec8 34. Rf1 Rc2 35. Rdf2 Rxf2 36. Rxf2 Rc4 37. Rd2 a5 38. b3 Rc3 39.
Kf2 a4 40. bxa4 Ra3 41. Rb2 Rxa4 42. Ke3 Kg7 43. Kd2 Kg6 44. Kc2 b3+ 45. axb3 Rxd4 46. b4 Rc4+ 47. Kd3 Kf5 48. b5 Kxe5 49. b6 Rc8 50. b7 Rb8 51. Rb6 Kf5 52. Kd4 h5 53.
h3 Kf6 54. g4 h4 55. Kc5 Ke7 56. Kc6 d4 57. Kc7 Rxb7+ 58. Kxb7 e5 59. Kc6 Ke6 60. Kc5+ Ke7 61. Kd5 d3 62. Rb3 d2 63. Rd3 e4 64.
Kxe4 d1=Q 65. Rxd1 Kf6 66. Re1 Kg5 67. Rf1 Kg6 68.
Ke5 Kg5 69. Rf5+ Kg6 70. Rh5 Kg7 71. Rxh4 Kg6 72. Rh5 Kg7 73. Rf5 Kg6 74. Kf4 Kg7 75.
Kg5 Kh7 76. Rf7+ Kg8 77. Ra7 Kh8 78. Kg6 Kg8 79. Ra8# 1-0

[Event "*** SCC Grand Prix: Titled Tuesday Blitz"]
[Site "Chess.com"]
[Date "2020.07.21"]
[Round "10"]
[White "Chesswizard_2007"]
[Black "olksuna"]
[Result "1-0"]
[WhiteElo "2479"]
[BlackElo "2616"]
[TimeControl "180+1"]
[EndTime "12:01:26 PDT"]
[Termination "Chesswizard_2007 won by resignation"]

1. d4 Nf6 2. c4 e6 3. Nc3 Bb4 4. Nf3 c5 5. g3 cxd4 6. Nxd4 Ne4 7. Qd3 Nxc3 8. bxc3 Be7 9. Bg2 O-O 10. O-O d6 11.
Rd1 a6 12. Ba3 Qc7 13. Rab1 Nd7 14. Nb3 Nc5 15. Qe3 Rb8 16. h4 b6 17. h5 h6 18.
Nd4 Bb7 19. Bxb7 Qxb7 20. Bxc5 dxc5 21. Nxe6 Rfe8 22. Nf4 Bg5 23. Qf3 Qxf3 24. exf3 Bxf4 25. gxf4 Re2 26. Rd6 Rxa2 27. Rdxb6 Rxb6 28. Rxb6 Ra4 29. Kg2 Rxc4 30. Rxa6 Rxf4 31. Kg3 Rf5 32. Kg4 Rg5+ 33. Kh4 Kf8 34. f4 Rd5 35. Rc6 Ke7 36. c4 Rd4 37.
Rxc5 Rxf4+ 38. Kg3 Rf6 39. f4 Kd7 40. Kg4 Rc6 41. Rd5+ Ke6 42. Re5+ Kd6 43. Rd5+ Kc7 44. c5 Rf6 45. Re5 Kc6 46. Kg3 Kd7 47. Kg4 Ra6 48. Rd5+ Ke6 49. Re5+ Kf6 50. Rf5+ Ke7 51.
Re5+ Kd7 52. Rd5+ Kc7 53. Rf5 f6 54. Rd5 Ra1 55. Kf5 Rg1 56. Rd6 Kb7 57. Re6 Kc7 58. Rb6 Rg2 59. Ra6 Rg1 60. Ke6 Rh1 61. Ra7+ Kc6 62. Rxg7 Rxh5 63. Kxf6 Kxc5 64. Rd7 Kc6 65.
Rd1 Rd5 66. Rxd5 Kxd5 67. Kg6 Ke6 68. f5+ Ke5 69. f6 h5 70. f7 h4 71. f8=Q h3 72. Qf1 h2 73. Qh1 1-0

[Event "*** SCC Grand Prix: Titled Tuesday Blitz"]
[Site "Chess.com"]
[Date "2020.07.21"]
[Round "10"]
[White "djano"]
[Black "XiaoKangZhong"]
[Result "0-1"]
[WhiteElo "2443"]
[BlackElo "2368"]
[TimeControl "180+1"]
[EndTime "12:01:31 PDT"]
[Termination "XiaoKangZhong won on time"]

1. c4 Nf6 2. Nc3 d5 3. cxd5 Nxd5 4. g3 Nc6 5. Bg2 Nb6 6. b3 e5 7. Bb2 Be6 8. Nf3 Be7 9. O-O O-O 10. Rc1 f5 11. d3 Bf6 12. Nd2 Qd7 13. Nc4 Nxc4 14.
bxc4 Rab8 15. Nd5 Bxd5 16. Bxd5+ Kh8 17. Qa4 Rfd8 18. Bxc6 Qxc6 19. Qxc6 bxc6 20. Ba3 Rb7 21. Bc5 Rdb8 22. Rc2 Kg8 23. Kg2 Kf7 24. f4 Rb2 25. Rfc1 a6 26. fxe5 Bxe5 27. Kf3 Ke6 28. Ba3 Rxc2 29. Rxc2 Rb1 30. Bc1 c5 31. Be3 Kd6 32. Bf2 a5 33. e3 Bf6 34. d4 cxd4 35. exd4 a4 36. Rc3 Kd7 37. c5 Rb4 38. Rd3 c6 39. h4 Rb2 40. Ra3 Rb4 41. Rd3 Ke6 42. d5+ cxd5 43.
Re3+ Re4 44. Ra3 Rc4 45. Re3+ Kd7 46. Rd3 Kc6 47. h5 g6 48. h6 Bg5 49. Rd1 Rc3+ 50. Kg2 Rc2 51. Kf3 Rxa2 52. Rb1 Ra3+ 53. Kg2 Rb3 54. Re1 Bxh6 55. Re6+ Kd7 56. Rd6+ Kc7 57. Rxd5 Rb2 58. Kf3 a3 59. Re5 a2 60. Re7+ Kb8 61. Re8+ Kb7 62. Re7+ Ka6 63. Re6+ Kb5 64. Rb6+ Kc4 65. Ra6 Kd5 66. Ra5 Bg7 67. Ra6 Rc2 68.
c6 a1=Q 69. Rxa1 Bxa1 70. Bc5 Rxc5 71. c7 Rxc7 0-1

[Event "*** SCC Grand Prix: Titled Tuesday Blitz"]
[Site "Chess.com"]
[Date "2020.07.21"]
[Round "10"]
[White "chesstrainer2042"]
[Black "CaspiIsrael"]
[Result "0-1"]
[WhiteElo "2469"]
[BlackElo "2615"]
[TimeControl "180+1"]
[EndTime "12:01:33 PDT"]
[Termination "CaspiIsrael won on time"]

1. e4 d5 2. exd5 Qxd5 3. Nf3 Bg4 4. Be2 Nc6 5. h3 Bxf3 6. Bxf3 Qe5+ 7. Qe2 Qxe2+ 8.
Bxe2 Nd4 9. Bd1 e5 10. O-O O-O-O 11. d3 g6 12. Re1 Bg7 13. Nc3 f5 14. Ne2 Nc6 15. Rb1 Nf6 16. b4 Rhe8 17. b5 Ne7 18. Bb2 Ned5 19. Ng3 Nd7 20. a3 N5b6 21. Bf3 Na4 22.
Ba1 Ndc5 23. h4 h5 24. Bd1 Bf6 25. Nf1 Rd6 26. g3 e4 27. Bxf6 Rxf6 28. Rb4 Rfe6 29.
d4 b6 30. dxc5 Nxc5 31. Ne3 Rd8 32. Be2 Rd2 33. Rbb1 c6 34. Rbd1 Rxd1 35. Rxd1 cxb5 36. Bxb5 a6 37. Bc4 Rc6 38. Bd5 Rd6 39. Nc4 Rf6 40.
Rb1 Kc7 41. Ne3 Rd6 42. c4 Nd3 43. Kf1 Rf6 44. Ng2 Ne5 45. Nf4 Rd6 46. Ne6+ Kc8 47.
Nf4 Kc7 48. a4 a5 49. Rb5 Nd7 50. Bf7 Nc5 51. Bxg6 Nxa4 52. Nd5+ Kb7 53. Bxf5 Nc5 54.
g4 hxg4 55. h5 a4 56. Rb1 Nb3 57. Ke1 Kc6 58. Bxg4 Kc5 59. Bd1 Kxc4 60. Bxb3+ axb3 61. Ne3+ Kc3 62. Rc1+ Kb4 63. Rc4+ Ka3 64. Rxe4 Rc6 65. Nc4+ Rxc4 66. Rxc4 b2 67. Rc3+ Kb4 0-1

[Event "*** SCC Grand Prix: Titled Tuesday Blitz"]
[Site "Chess.com"]
[Date "2020.07.21"]
[Round "10"]
[White "ChelsieMonica"]
[Black "MagnusSeinFanboy"]
[Result "1-0"]
[WhiteElo "2405"]
[BlackElo "2516"]
[TimeControl "180+1"]
[EndTime "12:01:35 PDT"]
[Termination "ChelsieMonica won by resignation"]

1. c4 c5 2. Nc3 Nc6 3. Nf3 g6 4. g3 Bg7 5. Bg2 e5 6. O-O Nge7 7. d3 O-O 8. Nd5 d6 9. Nxe7+ Nxe7 10. Bg5 f6 11. Be3 Be6 12. Qd2 Rc8 13. Bh6 d5 14.
Bxg7 Kxg7 15. Rac1 Qd7 16. Rfd1 d4 17. e4 g5 18. h4 h6 19. b4 b6 20. b5 Bg4 21. a4 gxh4 22. Nxh4 Bxd1 23. Qxd1 Kh7 24. Kh2 Rg8 25. Bh3 Qe8 26. Bxc8 Qxc8 27. Qf3 Qe6 28. a5 Rf8 29. axb6 axb6 30. Ra1 Rf7 31. Ra7 Ng6 32. Qf5 Qxf5 33. Rxf7+ Kg8 34. exf5 Nxh4 35. Rxf6 Nf3+ 36. Kg2 Ne1+ 37. Kf1 Nxd3 38. Rxb6 Nb2 39. Rg6+ Kf7 40. b6 d3 41. Rd6 Nxc4 42. Rxd3 Nxb6 43. Rd6 Nc4 44.
Rd5 Kf6 45. Rxc5 Nd2+ 46. Ke2 Nb3 47. Rc6+ Kg5 48. Rg6+ Kxf5 49. Rxh6 Nd4+ 50. Ke3 Nc2+ 51. Kd3 Nb4+ 52. Kc4 Nc2 53. Kc3 Ne1 54. Kd2 Nf3+ 55. Ke3 Ne1 56. Rh1 Nc2+ 57. Kf3 Nd4+ 58. Kg2 Ne6 59.
Rh4 Ng5 60. Kf1 Nf3 61. Ra4 Nd2+ 62. Ke2 Nb1 63. Rc4 Na3 64. Rc5 Ke4 65. Kd2 Kd4 66. Rc8 Nc4+ 67. Ke2 Nb6 68. Rd8+ Ke4 69. f3+ Kf5 70. g4+ Kg5 71. Ke3 Nc4+ 72. Ke4 Kf6 73.
Rf8+ Ke7 74. Ra8 Kf6 75. Ra6+ Kg5 76. Rc6 Nd2+ 77. Ke3 Nf1+ 78. Ke2 Nh2 79. Rc5 Kf4 80. Rc4+ Kg5 81. Kf2 e4 82. Rxe4 Kh4 83. Kg2 Nxg4 84. Rxg4+ Kh5 85. Kg3 1-0

[Event "*** SCC Grand Prix: Titled Tuesday Blitz"]
[Site "Chess.com"]
[Date "2020.07.21"]
[Round "10"]
[White "DenisQ"]
[Black "MathiasWomacka"]
[Result "1-0"]
[WhiteElo "2633"]
[BlackElo "2471"]
[TimeControl "180+1"]
[EndTime "12:01:39 PDT"]
[Termination "DenisQ won on time"]

1. Nf3 c5 2. c4 Nf6 3. Nc3 e6 4. g3 b6 5. Bg2 Bb7 6. O-O Be7 7. b3 O-O 8. Bb2 d5 9. cxd5 Nxd5 10. Nxd5 Bxd5 11.
d4 Nd7 12. Rc1 Rc8 13. Qd3 cxd4 14. Bxd4 Nc5 15. Qe3 a5 16. Rfd1 Qc7 17. Qe5 Qxe5 18.
Nxe5 Bxg2 19. Kxg2 Bf6 20. Bxc5 Rxc5 21. Rxc5 bxc5 22.
Nc4 Ra8 23. Nb6 Ra6 24. Nd7 Rc6 25. Rc1 Be7 26. Ne5 Rc7 27. Rc4 f6 28. Nd3 Kf7 29.
Kf3 Bd6 30. Ra4 Ra7 31. Ke3 Ke7 32. Kd2 Kd7 33. Kc3 Kc6 34. Re4 e5 35. g4 Kb5 36.
h4 a4 37. Rxa4 Rxa4 38. bxa4+ Kxa4 39. Kc4 Ka3 40. Nxc5 Kxa2 41. Ne6 g6 42. Kd5 Bb4 43. g5 fxg5 44. Nxg5 Be1 45. Ne4 Kb3 46. Kxe5 Kc2 47. Kf4 Ba5 48. Ng5 Kd2 49. Kf3 Bd8 50.
Nxh7 Bxh4 51. Nf8 g5 52. Ng6 g4+ 53. Kg2 Bg5 54. Kf1 g3 55. fxg3 Ke3 56. Ne5 Bd8 57. Ng4+ Ke4 58. Kg2 Bc7 59. Nf2+ Ke3 60. g4 Kxe2 61. g5 Be5 62. g6 Bg7 63. Kg3 Ke3 64. Nh3 Ke4 65. Kg4 Ke5 66. Kg5 Ke6 67.
Nf4+ Ke7 68. Nh5 Bc3 69. Kf5 Bb2 70. Nf4 Bc3 71. Nd5+ Kf8 72. Nxc3 Kg7 73. Ne4 Kg8 74. Kf6 Kf8 75. g7+ Kg8 76. Nd6 Kh7 77. Kf7 1-0